 Dungeon Crawl Stone Soup version 0.16.0-12-g7215832 (webtiles) character file.

372 kae the Conjurer (level 6, 0/32 HPs)
             Began as a Tengu Fire Elementalist on Mar 18, 2015.
             Was an Initiate of Vehumet.
             Killed from afar by Blork the orc (12 damage)
             ... with a puff of frost
             ... on level 4 of the Dungeon.
             The game lasted 00:07:54 (3926 turns).

kae the Conjurer (Tengu Fire Elementalist)          Turns: 3926, Time: 00:07:55

Health: 0/32       AC:  2    Str:  8    XL:     6   Next: 71%
Magic:  6/15       EV: 12    Int: 18    God:    Vehumet [......]
Gold:   215        SH:  0    Dex: 14    Spells: 4 memorised, 1 level left

rFire  . . .     SeeInvis .     x - +0 rapier (elec)
rCold  . . .     Clarity  .     a - +0 robe
rNeg   . . .     SustAb   .     (no shield)
rPois  .         Gourm    .     (helmet restricted)
rElec  .         Spirit   .     (no cloak)
rCorr  .         Warding  .     (no gloves)
rMut   .         Stasis   .     (boots unavailable)
MR     .....                    (no amulet)
Stlth  ++........               (no ring)
                                (no ring)

@: not resistant to hostile enchantments, unstealthy
A: able to fly, beak, talons 3
a: Fly, Renounce Religion


You were on level 4 of the Dungeon.
You worshipped Vehumet.
Vehumet was noncommittal.
You were hungry.

You visited 2 branches of the dungeon, and saw 5 of its levels.

You collected 215 gold pieces.

Inventory:

Hand weapons
 g - a +0 mace
 s - a +0 hand axe of chopping
 x - a +0 rapier of electrocution (weapon)
Armour
 a - a +0 robe (worn)
 A - a +0 pair of gloves
Jewellery
 u - a cursed ring of loudness {unknown}
Magical devices
 y - a wand of hasting (7)
Scrolls
 d - 5 scrolls of remove curse
 f - 2 scrolls of enchant weapon {unknown}
 h - a scroll of noise {unknown}
 i - 4 scrolls of identify {unknown}
 k - 4 scrolls of random uselessness {unknown}
 l - 2 scrolls of immolation {unknown}
 m - 2 scrolls of enchant armour {unknown}
 o - a scroll of magic mapping {unknown}
 p - a scroll of recharging {unknown}
 r - a scroll of blinking {unknown}
 t - a scroll of fear {unknown}
 w - a scroll of teleportation {unknown}
Potions
 e - a potion of degeneration {unknown}
 n - a potion of flight {unknown}
 z - a potion of restore abilities {unknown}
Books
 b - a book of Flames

   Spells                             Type                      Level
   a - Flame Tongue                   Conjuration/Fire             1
   b - Throw Flame                    Conjuration/Fire             2
   c - Conjure Flame                  Conjuration/Fire             3
   d - Inner Flame                    Hexes/Fire                   3
   e - Sticky Flame                   Conjuration/Fire             4
   f - Fireball                       Conjuration/Fire             5
Comestibles
 c - 3 bread rations
 j - a royal jelly
 q - a beef jerky
 v - a meat ration
 B - 3 fruits


   Skills:
 - Level 2.1 Dodging
 - Level 2.0 Stealth
 + Level 3.2 Spellcasting
 * Level 5.7 Conjurations
 * Level 5.6 Fire Magic


You had one spell level left.
You knew the following spells:

 Your Spells              Type           Power        Failure   Level  Hunger
a - Flame Tongue          Conj/Fire      ###..        1%          1    None
b - Throw Flame           Conj/Fire      ###...       2%          2    ##.....
c - Conjure Flame         Conj/Fire      ###.....     6%          3    ###....
d - Sticky Flame          Conj/Fire      ###.....     21%         4    ####...


Dungeon Overview and Level Annotations

Branches:
Dungeon (4/15)             Temple (1/1) D:4

Altars:
Ashenzari
Elyvilon
Fedhas
Kikubaaqudgha
Makhleb
Nemelex Xobeh
Okawaru
Qazlal
Ru
Sif Muna
Vehumet
The Shining One

Annotations:
D:4 Blork the orc


Innate Abilities, Weirdness & Mutations

You can fly.
You have a beak for a mouth.
You have claws for feet.


Message History

Aim: Blork the orc, wielding a short sword and wearing an embroidered robe (moderately wounded, covered in liquid flames)
The flame tongue hits Blork the orc.
Blork the orc resists.
Blork the orc is moderately wounded.
Blork the orc burns!
Blork the orc stops burning.
Blork the orc hits you with a short sword.
Casting: Flame Tongue
Confirm with . or Enter, or press ? or * to list all spells.
Aiming: Sticky Flame
Press: ? - help, Shift-Dir - straight line, f/p - Blork the orc
Aim: Blork the orc, wielding a short sword and wearing an embroidered robe (heavily wounded)
The sticky flame hits Blork the orc.
Blork the orc resists.
Blork the orc is heavily wounded.
Blork the orc is covered in liquid flames!
You are feeling hungry.
Blork the orc burns!
Blork the orc gestures at you while chanting.
The magic dart hits you! Blork the orc casts a spell at you.
The puff of frost hits you!
You die...

8# ##..## #.. ##.##
#####################.###
........................##
≈≈≈≈≈≈≈≈≈≈≈≈≈≈≈≈≈≈≈≈≈≈≈≈≈#
≈≈≈≈≈≈≈≈≈≈≈≈≈≈≈≈≈≈≈≈≈≈≈)≈#
........................##
#####'###################
......#.8###.8###.8###.8#
......'†........@.oS....#
#######################.#
+... ..o #..# # ....#
#..###.# ##.... #......#
... #......# .. '......+..
#.######..


You could see Blork the orc (burning) and an adder.

Vanquished Creatures
  Eustachio (D:4)
  A scorpion (D:4)
  3 gnolls (D:3)
  5 adders
  4 worms
  3 giant geckos
  An ooze (D:4)
  10 orcs
  13 bats
  6 giant cockroaches
  4 goblins
  10 hobgoblins
  4 jackals
  A giant newt (D:1)
  7 kobolds
  A quokka (D:4)
  9 rats
83 creatures vanquished.

Notes
Turn   | Place    | Note
--------------------------------------------------------------
     0 | D:1      | kae, the Tengu Fire Elementalist, began the quest for the Orb.
     0 | D:1      | Reached XP level 1. HP: 10/10 MP: 3/3
   104 | D:1      | Reached XP level 2. HP: 6/15 MP: 3/5
  1191 | D:2      | Reached XP level 3. HP: 13/19 MP: 4/7
  1354 | D:2      | Reached skill level 4 in Fire Magic
  1464 | D:2      | Reached XP level 4. HP: 21/24 MP: 6/9
  2448 | D:3      | Reached XP level 5. HP: 25/28 MP: 3/11
  3284 | D:4      | Found a staircase to the Ecumenical Temple.
  3363 | D:4      | Reached skill level 5 in Fire Magic
  3388 | Temple   | Entered the Ecumenical Temple
  3556 | Temple   | Became a worshipper of Vehumet
  3588 | D:4      | Noticed Eustachio
  3600 | D:4      | Killed Eustachio
  3600 | D:4      | Reached skill level 5 in Conjurations
  3600 | D:4      | Reached XP level 6. HP: 28/32 MP: 4/15
  3896 | D:4      | Noticed Blork the orc
  3904 | D:4      | Learned a level 2 spell: Throw Flame
  3908 | D:4      | Learned a level 3 spell: Conjure Flame
  3913 | D:4      | Learned a level 4 spell: Sticky Flame
  3926 | D:4      | Killed from afar by Blork the orc

Action                   |  1- 3 |  4- 6 || total
-------------------------+-------+-------++-------
Melee: Unarmed           |    16 |       ||    16
       Mace              |    30 |     6 ||    36
       Hand axe          |       |    30 ||    30
       Rapier            |       |    10 ||    10
 Cast: Flame Tongue      |    39 |    86 ||   125
       Sticky Flame      |       |     2 ||     2
  Use: Scroll            |       |     1 ||     1
 Stab: Sleeping          |     2 |     3 ||     5
  Eat: Chunk             |     2 |     8 ||    10
